 Dungeon Crawl Stone Soup version 0.27.0-1-g7a089689b8 (webtiles) character file.

Game seed: 10718217315476084805

1276 PentaManta the Slinger (level 8, -9/44 HPs)
             Began as a Gargoyle Hunter on Aug 17, 2021.
             Killed by divine providence
             ... invoked by an orc priest
              (11 damage)
             ... on level 6 of the Dungeon.
             The game lasted 00:13:39 (5041 turns).

PentaManta the Slinger (Gargoyle Hunter)            Turns: 5041, Time: 00:13:39

Health: -9/44      AC: 21    Str: 18      XL:     8   Next: 54%
Magic:  8/8        EV: 10    Int:  8      God:
Gold:   128        SH:  0    Dex: 15 (16) Spells: 7/7 levels left

rFire    . . .     SeeInvis .   a - +2 hunting sling (vorpal)
rCold    . . .     Faith    .   (no shield)
rNeg     + . .     Spirit   .   o - +0 scale mail
rPois    ∞         Reflect  .   (no helmet)
rElec    +         Harm     .   p - +0 cloak
rCorr    .         Rampage  .   (no gloves)
Will     .....                  d - +0 pair of boots
Stlth    ..........             (no amulet)
HPRegen  0.14/turn              r - ring of the Tortoise {AC+8}
MPRegen  0.11/turn              s - +6 ring of dexterity

@: no status effects
A: sickness immunity, AC +5, negative energy resistance 1, electricity
resistance, torment resistance 1, petrification resistance, dopey 2
a: no special abilities


You were on level 6 of the Dungeon.
You visited 1 branch of the dungeon, and saw 6 of its levels.
You also visited: Sewer.

You collected 128 gold pieces.

Inventory:

Hand Weapons
 a - a +2 vorpal hunting sling (weapon)
 u - the +5 dagger "Wozets" {freeze, Str+3}
   (You found it on level 4 of the Dungeon)

   It freezes those it strikes, dealing additional cold damage.
   It can also slow down cold-blooded creatures.
   Str:       It affects your strength (+3).
Missiles
 e - 4 curare-tipped darts
 i - 19 poisoned darts
 n - 19 stones (quivered ammo)
 v - 4 boomerangs
 z - 2 throwing nets
 C - 5 sling bullets
Armour
 c - a +0 leather armour
 d - a +0 pair of boots (worn)
 k - a +0 ring mail
 o - a +0 scale mail (worn)
 p - a +0 cloak (worn)
 t - a +0 tower shield
Jewellery
 l - a ring of positive energy
 r - the ring of the Tortoise (left hand) {AC+8}
   (You found it on level 4 of the Dungeon)

   [ring of protection]

   AC:        It affects your AC (+8).
 s - a +6 ring of dexterity (right hand)
 D - a +6 ring of intelligence
Scrolls
 b - a scroll of summoning {unknown}
 h - 5 scrolls of identify
 j - a scroll of magic mapping {unknown}
 B - a scroll of holy word
Potions
 f - 2 potions of brilliance
 g - a potion of cancellation {unknown}
 m - 2 potions of curing
 q - a potion of mutation


   Skills:
 - Level 2.1 Fighting
 + Level 9.9 Slings
 - Level 1.5 Dodging
 - Level 1.1 Stealth


You had 7 spell levels left.
You didn't know any spells.
Your spell library contained the following spells:

 Spells                   Type           Power      Damage    Failure   Level
 Magic Dart               Conj           0%         1d3       83%         1
 Blink                    Tloc           N/A        N/A       92%         2
 Searing Ray              Conj           0%         3d3       92%         2
 Lesser Beckoning         Tloc           0%         N/A       99%         3
 Fulminant Prism          Conj/Hex       0%         3d6       100%        4
 Manifold Assault         Tloc           0%         N/A       100%        5


Dungeon Overview and Level Annotations

Branches:
Dungeon (6/15)              Sewer (visited)
 Temple: D:4-7

Altars:
Vehumet

Annotations:
D:5 exclusion: yak


Innate Abilities, Weirdness & Mutations

You are immune to sickness and miasma.
Your stone body is resilient. (AC +5)
You are immune to poison.
You resist negative energy. (rN+)
You are resistant to electric shocks. (rElec)
You are resistant to unholy torment.
You are immune to petrification.
You are very dopey. (Int -4)


Message History

You shoot a stone.
The stone hits the orc priest but does no damage.
The orc priest is almost dead.
The orc priest mumbles some strange prayers to Beogh against you.
Beogh smites you! The orc barely misses you.
An orc wizard comes into view. It is wielding a +0 dagger.
You are too injured to fight recklessly!
You are too injured to fight recklessly!
Unknown command.
Fire: 22 stones
Press: ? - help, Q - select action, (/) - cycle Shift-Dir - straight line, f/p - orc priest
Aim: an orc priest, wielding a +0 flail and wearing a +0 chain mail (almost dead, 72% to hit)
You shoot a stone.
The stone closely misses the orc priest.
Fire: 21 stones
Press: ? - help, Q - select action, (/) - cycle Shift-Dir - straight line, f/p - orc priest
Aim: an orc priest, wielding a +0 flail and wearing a +0 chain mail (almost dead, 72% to hit)
You shoot a stone. The stone barely misses the orc priest.
The orc priest invokes the aid of Beogh against you.
You struggle to resist.
The orc closely misses you.
Fire: 20 stones
Press: ? - help, Q - select action, (/) - cycle Shift-Dir - straight line, f/p - orc priest
Aim: an orc priest, wielding a +0 flail and wearing a +0 chain mail (almost dead, 72% to hit)
You shoot a stone.
The stone hits the orc priest but does no damage.
The orc priest is almost dead.
The orc priest hits you but does no damage.
The orc wizard closely misses you.
The orc priest mumbles some strange prayers to Beogh against you.
Beogh smites you!
* * * LOW HITPOINT WARNING * * *
The orc priest casts a cantrip, but nothing happens.
There is an open door here.
The orc priest mumbles some strange prayers to Beogh against you.
Beogh smites you!
* * * LOW HITPOINT WARNING * * *
The orc priest miscasts a cantrip.
The orc priest mumbles some strange prayers to Beogh against you.
Beogh smites you!
You die...

#.# #.# #.# #.#
.##.###.###########
..............>....
....###.###'#######
############.##.......#
.............##.@.....#
######.########.o.....#
........# #.......#
#####.#.# #.......# #<#
#.#.)# #.......# #.#
#.##.# #.......#
#'###.# .. ##'######
...##.# #.# #o# ...##.#
.. #o#


You could see an orc priest and an orc wizard.

Vanquished Creatures
  A sky beast (D:6)
  3 ogres (D:4)
  A phantom (D:5)
  6 kobold brigands (Sewer)
  A water moccasin skeleton (D:5)
  A bullfrog skeleton (D:5)
  A jelly (D:5)
  A hound (D:5)
  An iguana (D:4)
  An orc wizard (D:3)
  A hound skeleton (D:4)
  4 gnolls (D:5)
  8 adders
  A river rat (Sewer)
  An ufetubus (D:4)
  5 worms
  3 dart slugs
  3 orcs
  13 endoplasms
  6 giant cockroaches
  4 goblins
  3 hobgoblins (D:4)
  2 jackals (D:1)
  4 quokkas
  14 ball pythons
  8 bats
  A frilled lizard (D:1)
  8 kobolds
  10 rats
116 creatures vanquished.

Notes
Turn   | Place    | Note
-------+----------+-------------------------------------------
     0 | D:1      | PentaManta the Gargoyle Hunter began the quest for the Orb.
     0 | D:1      | Reached XP level 1. HP: 12/12 MP: 1/1
   108 | D:1      | Found a faded altar of an unknown god.
   120 | D:1      | Reached skill level 4 in Slings
   120 | D:1      | Reached XP level 2. HP: 17/17 MP: 2/2
   715 | D:2      | Reached XP level 3. HP: 21/21 MP: 3/3
  1763 | D:3      | Reached skill level 5 in Slings
  1780 | D:3      | Reached XP level 4. HP: 26/26 MP: 4/4
  2252 | D:4      | Noticed an ogre
  2280 | D:4      | Killed an ogre
  2281 | D:4      | Reached skill level 6 in Slings
  2281 | D:4      | Reached XP level 5. HP: 10/30 MP: 5/5
  2589 | D:4      | Reached XP level 6. HP: 33/35 MP: 6/6
  2830 | D:4      | Found a radiant altar of Vehumet.
  2960 | D:5      | Entered Level 5 of the Dungeon
  2969 | D:5      | Reached skill level 7 in Slings
  3023 | D:5      | Reached XP level 7. HP: 26/40 MP: 7/7
  3109 | D:5      | Found a glowing drain.
  3168 | Sewer    | Entered a sewer
  3315 | Sewer    | Gained mutation: Armour fits poorly on your strangely
                  | shaped body. [potion of mutation]
  3320 | Sewer    | Reached skill level 8 in Slings
  3384 | Sewer    | Lost mutation: Armour fits poorly on your strangely shaped
                  | body. [potion of mutation]
  3384 | Sewer    | Gained mutation: You are dopey. (Int -2) [potion of
                  | mutation]
  3384 | Sewer    | Gained mutation: You are very dopey. (Int -4) [potion of
                  | mutation]
  3933 | Sewer    | Reached skill level 9 in Slings
  3933 | Sewer    | Reached XP level 8. HP: 44/44 MP: 8/8
  4119 | D:5      | Noticed a yak
  4203 | D:4      | Found the ring of the Tortoise {AC+8}
  4281 | D:4      | Identified the +5 dagger "Wozets" {freeze, Str+3}
  4910 | D:5      | Noticed a yak
  5038 | D:6      | HP: 2/44 [orc priest/divine providence (8)]
  5041 | D:6      | Killed from afar by an orc priest

Illustrated notes

Levels and vault maps discovered:
D:1:      enne_arrival_octagon_isle, layout_loops_ring, serial_glass,
          glass_columns_a, glass_columns_c, basic_ecumenical_altar
D:2:      layout_loops_ring, kennysheep_generic_room_9
D:3:      layout_loops_ring
D:4:      layout_basic, nicolae_vehumet_radiance, chequers_serial_rivers_large_a
D:5:      layout_rooms, tgw_trog, cheibrodos_sewer_entry_drain, serial_shops,
          nicolae_shop_overgrown_old_shop
D:6:      layout_basic

Skill      XL: |  1  2  3  4  5  6  7 |
---------------+----------------------+-----
Slings         | 4 5 6 7 9 |  9.9
Fighting       | |  2.1
Dodging        | |  1.5
Stealth        | |  1.1

Action                   |  1- 3 |  4- 6 |  7- 9 || total
-------------------------+-------+-------+-------++-------
Melee: Short sword       |       |       |    31 ||    31
       Hunting sling     |       |       |     1 ||     1
 Fire: Hunting sling     |   142 |   144 |   152 ||   438
Throw: Dart              |       |     8 |    46 ||    54
  Use: Scroll            |       |     1 |     8 ||     9
       Potion            |       |       |     7 ||     7
Armor: Leather armour    |     5 |       |       ||     5
       Scale mail        |    17 |    31 |    32 ||    80
       Ring mail         |    13 |       |       ||    13
       Skin              |       |       |    11 ||    11
Dodge: Dodged            |    23 |    45 |    41 ||   109
